 Dungeon Crawl Stone Soup version 0.31-a0-819-gf6de2f5ab6 (webtiles) character file.

Game seed: 14717954838918866056

34 randomguy2701 the Protected (level 3, -4/25 HPs)
             Began as a Gnoll Wanderer on Sept 24, 2023.
             Slain by an orc priest
             ... wielding a +0 antimagic hand axe
              (7 damage)
             ... on level 2 of the Dungeon.
             The game lasted 00:02:00 (1623 turns).

randomguy2701 the Protected (Gnoll Wanderer)        Turns: 1623, Time: 00:02:01

Health: -4/25      AC: 10    Str: 12    XL:     3   Next: 31%
Magic:  9/9        EV:  9    Int: 13    God:
Gold:   32         SH:  0    Dex: 10    Spells: 11/12 levels left

rFire   . . .        a - +0 club
rCold   . . .        (no shield)
rNeg    . . .        d - +2 scale mail
rPois   .            (no helmet)
rElec   .            (no cloak)
rCorr   .            (no gloves)
SInv    .            (no boots)
Will    .....        (no amulet) Stlth
                     (no ring)
HPRegen 0.24/turn    (no ring)
MPRegen 0.11/turn

%: no passive effects
@: no status effects
A: fangs 1, strong nose, distributed training
a: no special abilities


You were on level 2 of the Dungeon.
You visited 1 branch of the dungeon, and saw 2 of its levels.

You collected 32 gold pieces.

Inventory:

Hand Weapons
 a - a +0 club (weapon)
Armour
 d - a +2 scale mail (worn)
Scrolls
 c - a scroll of blinking
 f - a scroll of fear {unknown}
Potions
 b - a potion of attraction
 e - a potion of might {unknown}
 g - a potion of ambrosia {unknown}


   Skills:
 + Level 0.7 Fighting
 + Level 0.7 Short Blades
 + Level 0.7 Long Blades
 + Level 0.7 Axes
 + Level 0.7 Maces & Flails
 + Level 0.7 Polearms
 + Level 0.7 Staves
 + Level 0.7 Ranged Weapons
 + Level 0.7 Throwing
 + Level 10.4 Armour
 + Level 2.6 Dodging
 + Level 0.7 Stealth
 + Level 0.7 Shields
 + Level 0.7 Unarmed Combat
 + Level 5.0 Spellcasting
 + Level 0.5 Conjurations
 + Level 2.1 Hexes
 + Level 0.5 Summonings
 + Level 0.5 Necromancy
 + Level 0.5 Translocations
 + Level 0.5 Transmutations
 + Level 0.5 Fire Magic
 + Level 0.5 Ice Magic
 + Level 0.5 Air Magic
 + Level 0.5 Earth Magic
 + Level 0.5 Poison Magic
 + Level 0.9 Invocations
 + Level 2.6 Evocations
 + Level 0.6 Shapeshifting


You had 11 spell levels left.
You knew the following spells:

 Your Spells              Type           Power      Damage    Failure   Level
a - Slow                  Hex            32%        N/A       28%         1

Your spell library contained the following spells:

 Spells                   Type           Power      Damage    Failure   Level
 Freeze                   Ice            16%        1d4       50%         1
 Confusing Touch          Hex            8%         N/A       65%         3
 Frozen Ramparts          Ice            8%         1d2       86%         3
 Hailstorm                Conj/Ice       4%         3d4       86%         3
 Alistair's Intoxication  Tmut/Pois      2%         N/A       100%        5
 Borgnjor's Vile Clutch   Necr/Erth      2%         N/A       100%        5
 Eringya's Noxious Bog    Tmut/Pois      2%         4d6       100%        6


Dungeon Overview and Level Annotations

Branches:
Dungeon (2/15)

Altars:

Shops:
D:1 (


Innate Abilities, Weirdness & Mutations

You have very sharp teeth.
Your uncanny sense of smell can sniff out nearby items.
Your experience applies equally to all skills.


Message History

There are monsters nearby!
An orc comes into view. It is wielding a +0 club.
The orc shouts! x2
An orc priest comes into view. It is wielding a +0 antimagic hand axe.
The orc seems to slow down.
The orc priest mumbles some strange prayers to Beogh against you.
Beogh smites you!
Things that are here:
a +0 dagger; a goblin corpse The orc is no longer moving slowly.
You hit the orc. You bite the orc.
The orc is severely wounded.
The orc hits you with a +0 morningstar. The orc hits you but does no damage.
You barely miss the orc.
The orc is severely wounded.
The orc barely misses you.
You hit the orc.
The orc is almost dead.
The orc hits you with a +0 morningstar.
Unknown command.
You are too injured to fight recklessly!
Unknown command.
You are too injured to fight recklessly!
Unknown command.
You hit the orc.
You kill the orc!
The orc priest begins to cast a cantrip, but forgets the words!
You hit the orc priest but do no damage.
Your bite misses the orc priest.
The orc priest calls down the wrath of Beogh upon you.
Beogh smites you!
* * * LOW HITPOINT WARNING * * *
Unknown command.
You hit the orc priest.
The orc priest is lightly wounded.
The orc priest barely misses you.
You hit the orc priest.
The orc priest is moderately wounded.
The orc priest hits you with a +0 antimagic hand axe!
You die...

.#......#.............####
.#.####.#..#...#.#........
........#..###o#.#.#######
##.######......#.#.......#
#.# #.####.#.#######.# #.#
#........# #.# #.#
######.### #.# ##.#
#.#########.# ...#
#oo@........# ####
#############


You could see an orc priest and an orc.

Vanquished Creatures
  A dart slug (D:1)
  An orc (D:2)
  4 endoplasms
  A giant cockroach (D:1)
  4 goblins
  A hobgoblin (D:1)
  4 jackals (D:1)
  A quokka (D:1)
  2 ball pythons (D:1)
  3 bats (D:1)
  3 frilled lizards (D:1)
  3 rats
28 creatures vanquished.

Notes
Turn   | Place    | Note
-------+----------+-------------------------------------------
     0 | D:1      | Reached skill level 10 in Armour
     0 | D:1      | randomguy2701 the Gnoll Wanderer began the quest for the
                  | Orb.
     0 | D:1      | randomguy2701 set off with the following items: a +0 club,
                  | a potion of attraction, a scroll of blinking, a +2 scale
                  | mail; and the following spell memorised: Slow; and the
                  | following spells available to memorise: Confusing Touch.
     0 | D:1      | Reached XP level 1. HP: 13/13 MP: 6/6
   293 | D:1      | Reached XP level 2. HP: 19/19 MP: 4/7
   931 | D:1      | Reached skill level 5 in Spellcasting
   931 | D:1      | Reached XP level 3. HP: 11/25 MP: 7/9
  1090 | D:1      | Found Zietaham's Weapon Shoppe.
  1623 | D:2      | Slain by an orc priest

Illustrated notes

Levels and vault maps discovered:
D:1:      kilobyte_arrival_exit_the_forest, layout_basic, serial_shops,
          nicolae_shop_crystal
D:2:      cheibrodos_pilgrimage, layout_basic, minmay_misc_feat_five

Skill      XL: |  1  2 |
---------------+-------+-----
Armour         | | 10.4
Hexes          | 2 |  2.1
Spellcasting   | 5 |  5.0
Fighting       | |  0.7
Short Blades   | |  0.7
Long Blades    | |  0.7
Axes           | |  0.7
Maces & Flails | |  0.7
Polearms       | |  0.7
Staves         | |  0.7
Ranged Weapons | |  0.7
Throwing       | |  0.7
Dodging        | |  2.6
Stealth        | |  0.7
Shields        | |  0.7
Unarmed Combat | |  0.7
Conjurations   | |  0.5
Summonings     | |  0.5
Necromancy     | |  0.5
Translocations | |  0.5
Transmutations | |  0.5
Fire Magic     | |  0.5
Ice Magic      | |  0.5
Air Magic      | |  0.5
Earth Magic    | |  0.5
Poison Magic   | |  0.5
Invocations    | |  0.9
Evocations     | |  2.6
Shapeshifting  | |  0.6

Action                     || total
---------------------------++-------
  Melee: Club              ||   137
         Bite              ||    11
   Cast: Slow              ||    25
 Armour: Scale mail        ||   104
  Dodge: Dodged            ||    70

Table legend: (Time is in decaauts)
 A = Elapsed time spent in this place.
 B = Non-inter-level travel time spent in this place.
 C = Inter-level travel time spent in this place.
 D = Time resting spent in this place.
 E = Time spent auto-exploring this place.
 F = Levels seen in this place.
 G = Mean time per level.
                   A        B        C        D        E       F      G
               +--------+--------+--------+--------+--------+-----+--------+
         Total |   1672 |   1645 |     27 |      0 |   1339 |   2 |  836.0 |
       Dungeon |   1672 |   1645 |     27 |      0 |   1339 |   2 |  836.0 |
               +--------+--------+--------+--------+--------+-----+--------+

Top non-repeatable levels by time:
     D:1: 1505 daAuts
     D:2: 166 daAuts
